 Dungeon Crawl Stone Soup version 0.19.0-24-gb05acd6 (webtiles) character file.

10943 shmeve the Blocker (level 11, -7/151 HPs)
             Began as a Minotaur Berserker on Nov 22, 2016.
             Was a High Priest of Trog.
             Mangled by a death yak (13 damage)
             ... on level 10 of the Dungeon.
             The game lasted 00:18:06 (8449 turns).

shmeve the Blocker (Minotaur Berserker)             Turns: 8449, Time: 00:18:07

Health: -7/151     AC: 19    Str: 31    XL:     11   Next: 42%
Magic:  10/10      EV: 13    Int:  4    God:    Trog [*****.]
Gold:   635        SH: 13    Dex:  9    Spells: 0 memorised, 10 levels left

rFire  . . .     SeeInvis +     W - +0 war axe
rCold  . . .     Gourm    .     z - +0 plate armour
rNeg   + . .     Faith    .     p - +0 shield
rPois  .         Spirit   .     R - +1 hat {SInv}
rElec  .         Reflect  .     O - +0 cloak
rCorr  .         Harm     .     A - +1 pair of gloves {archery}
MR     .....                    g - +0 pair of boots
Stlth  ..........               i - amulet of regeneration
                                F - ring of positive energy
                                d - +3 ring of evasion (curse)

@: berserking, very quick
A: retaliatory headbutt, horns 2
a: Berserk, Trog's Hand, Brothers in Arms, Burn Spellbooks, Renounce Religion


You were on level 10 of the Dungeon.
You worshipped Trog.
Trog was extremely pleased with you.
You were hungry.

You visited 1 branch of the dungeon, and saw 10 of its levels.
You also visited: Sewer.

You collected 635 gold pieces.

Inventory:

Hand Weapons
 W - a +0 war axe (weapon)
Armour
 g - a +0 pair of boots (worn)
 p - a +0 shield (worn)
 z - a +0 plate armour (worn)
 A - a +1 pair of gloves of archery (worn)
 O - a +0 cloak (worn)
 R - a +1 hat of see invisible (worn)
Jewellery
 d - a cursed +3 ring of evasion (left hand)
 i - an amulet of regeneration (around neck)
 o - an uncursed ring of protection from fire
 D - an uncursed ring of see invisible
 F - a ring of positive energy (right hand)
 H - an uncursed ring of protection from cold
Wands
 y - a wand of teleportation (4/9)
 S - a wand of lightning (5/15)
 U - a wand of flame (44/48)
 V - a wand of flame (14/48)
Scrolls
 e - 2 scrolls of immolation {unknown}
 f - 3 scrolls of recharging {unknown}
 k - a scroll of amnesia {unknown}
 l - 11 scrolls of remove curse {unknown}
 n - 8 scrolls of teleportation
 q - a scroll of noise {unknown}
 s - 4 scrolls of fear {unknown}
 u - a scroll of magic mapping {unknown}
 x - 11 scrolls of identify {unknown}
 E - 2 scrolls of blinking {unknown}
 I - a scroll of fog {unknown}
 J - a scroll of enchant weapon {unknown}
 L - 2 scrolls of enchant armour {unknown}
 P - a scroll of vulnerability {unknown}
Potions
 b - a potion of lignification {unknown}
 h - 6 potions of curing {unknown}
 m - 4 potions of degeneration {unknown}
 r - 3 potions of heal wounds {unknown}
 t - a potion of berserk rage {unknown}
 v - 7 potions of flight
 w - a potion of agility
 G - 2 potions of mutation {unknown}
 K - a potion of might
 N - a potion of ambrosia {unknown}
 Q - a potion of cancellation {unknown}
Comestibles
 a - 6 chunks of flesh
 c - 7 bread rations
 B - 5 beef jerkies
 C - a royal jelly
 M - a slice of pizza
 T - 24 fruits


   Skills:
 * Level 10.4 Fighting
 * Level 10.2 Axes
 + Level 5.2 Throwing
 + Level 7.2 Armour
 + Level 6.9 Dodging
 * Level 11.9 Shields


You had 10 spell levels left.
You didn't know any spells.

Dungeon Overview and Level Annotations

Branches:
Dungeon (10/15)            Temple (0/1) D:7            Lair (0/6) D:10
    Orc (0/2) D:9

Altars:
Ashenzari
Dithmenos
Elyvilon
Fedhas
Hepliaklqana
Trog
Xom
Yredelemnul
Zin

Shops:
D:6 ?

Annotations:
D:5 exclusion: oklob plant
D:9 Prince Ribbit


Innate Abilities, Weirdness & Mutations

You reflexively headbutt those who attack you in melee.
You have a pair of horns on your head.


Message History

The death yak gores you!!
* * * LOW HITPOINT WARNING * * *
You hit the death yak but do no damage.
The death yak is moderately wounded.
The death yak gores you!
* * * LOW HITPOINT WARNING * * *
You slash the death yak!
You headbutt the death yak, but do no damage.
The death yak is heavily wounded.
The death yak gores you but does no damage.
A red film seems to cover your vision as you go berserk!
You feel yourself moving faster!
You feel mighty!
You are feeling hungry.
The death yak gores you!
* * * LOW HITPOINT WARNING * * *
You slash the death yak!
You headbutt the death yak, but do no damage.
The death yak is severely wounded.
The death yak gores you!
You die...

#. . #.. ###.. #..
......
###..#######......
............†......
...........@Y......
.........####......
.........# .....
.........####....>.
...................
................ ..
########..####... .
.................
...........
................
............


You could see a death yak.

Vanquished Creatures
  Gastronok (D:8)
  Snorg (D:10)
  Erolcha (D:9)
  A hydra (D:8)
  An unseen horror (D:8)
  Pikel (D:7)
  Psyche (D:9)
  A troll (D:10)
  A hippogriff (D:8)
  Sigmund (D:6)
  A human (D:5)
  A wyvern (D:8)
  A basilisk (D:10)
  6 yaks
  A hungry ghost (D:8)
  A warg (D:9)
  Edmund (D:6)
  7 orc warriors
  2 ice beasts
  2 sky beasts (D:8)
  4 slaves (D:7)
  2 black bears
  3 ogres
  6 centaurs
  3 big kobolds
  A bullfrog (D:8)
  A water moccasin zombie (D:10)
  4 scorpions
  A water moccasin skeleton (D:6)
  An electric eel (D:8)
  A howler monkey (D:5)
  5 crimson imps
  A human zombie (D:5)
  A jelly (D:6)
  7 hounds
  3 orc wizards
  Crazy Yiuf (D:7)
  Ijyb (D:3)
  Terence (D:3)
  2 iguanas
  A merfolk avatar (Sewer)
  A siren (Sewer)
  4 worker ants
  A hound skeleton (D:9)
  2 worker ant zombies
  A gnoll (D:5)
  13 adders
  4 river rats (D:5)
  4 worms
  An adder skeleton (D:7)
  6 dart slugs
  9 leopard geckos
  15 orcs
  7 bats
  13 giant cockroaches
  2 goblins
  10 hobgoblins
  5 jackals
  3 quokkas
  4 ball pythons
  8 frilled lizards
  A giant cockroach zombie (D:5)
  2 jackal skeletons (D:5)
  A jackal zombie (D:5)
  18 kobolds
  28 rats
  A plant (D:5)
247 creatures vanquished.

Notes
Turn   | Place    | Note
-------+----------+-------------------------------------------
     0 | D:1      | shmeve the Minotaur Berserker began the quest for the Orb.
     0 | D:1      | Reached XP level 1. HP: 19/19 MP: 0/0
   143 | D:1      | Reached XP level 2. HP: 25/27 MP: 1/1
   614 | D:2      | Reached XP level 3. HP: 31/33 MP: 2/2
   652 | D:2      | Reached ** piety under Trog
   722 | D:2      | Reached skill level 1 in Throwing
   806 | D:2      | Reached XP level 4. HP: 41/41 MP: 3/3
   961 | D:2      | Found a bloodstained altar of Trog.
  1671 | D:3      | Reached XP level 5. HP: 47/47 MP: 4/4
  1694 | D:3      | Found a faded altar of an unknown god.
  1728 | D:3      | Found a glowing drain.
  1767 | Sewer    | Entered a sewer
  1790 | Sewer    | Reached *** piety under Trog
  1882 | Sewer    | Reached skill level 5 in Fighting
  1964 | Sewer    | Reached skill level 5 in Axes
  2235 | D:3      | Noticed Terence
  2249 | D:3      | Killed Terence
  2275 | D:3      | Found a shattered altar of Ashenzari.
  2371 | D:3      | Noticed Ijyb
  2388 | D:3      | Killed Ijyb
  2388 | D:3      | Reached XP level 6. HP: 52/56 MP: 5/5
  2859 | D:3      | Reached **** piety under Trog
  2961 | D:4      | You fall through a shaft for 3 floors!
  3084 | D:7      | Reached skill level 2 in Shields
  3115 | D:7      | Noticed an ice beast
  3123 | D:7      | Killed an ice beast
  3123 | D:7      | Reached skill level 3 in Shields
  3123 | D:7      | Reached XP level 7. HP: 62/62 MP: 6/6
  3138 | D:7      | Noticed Pikel
  3145 | D:7      | Found a staircase to the Ecumenical Temple.
  3155 | D:7      | Killed Pikel
  3155 | D:7      | Reached skill level 7 in Shields
  3408 | D:6      | Reached XP level 8. HP: 61/70 MP: 7/7
  3454 | D:5      | Entered Level 5 of the Dungeon
  3495 | D:5      | Reached skill level 8 in Shields
  3795 | D:5      | Found a runed door.
  3800 | D:5      | Found a basalt altar of Yredelemnul.
  3827 | D:5      | Reached skill level 9 in Shields
  4026 | D:5      | Found a glowing silver altar of Zin.
  4182 | D:5      | Found a blossoming altar of Fedhas.
  4410 | D:5      | Noticed an oklob plant
  4838 | D:4      | Found a shimmering altar of Xom.
  5206 | D:6      | Noticed Edmund
  5219 | D:6      | Killed Edmund
  5219 | D:6      | Reached XP level 9. HP: 78/78 MP: 8/8
  5287 | D:6      | Noticed Sigmund
  5295 | D:6      | Killed Sigmund
  5299 | D:6      | Found Pybauj's Magic Scroll Shop.
  5825 | D:7      | Found a shadowy altar of Dithmenos.
  5901 | D:7      | Found a hazy altar of Hepliaklqana.
  5962 | D:7      | Found a runed door.
  6211 | D:7      | Noticed Crazy Yiuf
  6218 | D:7      | Killed Crazy Yiuf
  6386 | D:8      | Reached skill level 5 in Dodging
  6408 | D:8      | Noticed Gastronok
  6421 | D:8      | Killed Gastronok
  6421 | D:8      | Reached skill level 5 in Armour
  6421 | D:8      | Reached skill level 10 in Shields
  6421 | D:8      | Reached XP level 10. HP: 90/90 MP: 9/9
  6546 | D:8      | Noticed an unseen horror
  6600 | D:8      | Killed an unseen horror
  6702 | D:8      | Noticed a five-headed hydra
  6716 | D:8      | Killed a 14-headed hydra
  6716 | D:8      | Reached skill level 11 in Shields
  6793 | D:8      | Found a white marble altar of Elyvilon.
  6839 | D:8      | Reached ***** piety under Trog
  7293 | D:9      | Noticed Prince Ribbit
  7409 | D:9      | Noticed Erolcha
  7421 | D:9      | Killed Erolcha
  7685 | D:9      | Reached XP level 11. HP: 92/99 MP: 10/10
  7697 | D:9      | Found a staircase to the Orcish Mines.
  7785 | D:9      | Noticed Psyche
  7792 | D:9      | Killed Psyche
  7792 | D:9      | Reached skill level 10 in Fighting
  7970 | D:9      | Reached skill level 10 in Axes
  8198 | D:10     | Entered Level 10 of the Dungeon
  8256 | D:10     | Noticed Snorg
  8266 | D:10     | Reached skill level 5 in Throwing
  8278 | D:10     | Killed Snorg
  8426 | D:10     | Found a staircase to the Lair.
  8427 | D:10     | Noticed a death yak
  8448 | D:10     | HP: 6/151 [death yak (16)]
  8449 | D:10     | Mangled by a death yak

Skill      XL: |  1  2  3  4  5  6  7  8  9 10 11 |
---------------+----------------------------------+-----
Fighting       | 4 5 6 8 9 10 | 10.4
Axes           | 4 5 6 8 9 10 | 10.2
Throwing       | 1 2 4 5 |  5.2
Dodging        | 3 4 5 6 |  6.9
Armour         | 3 4 5 6 7 |  7.2
Shields        | 3 7 9 10 11 | 11.9

Action                   |  1- 3 |  4- 6 |  7- 9 | 10-12 || total
-------------------------+-------+-------+-------+-------++-------
Melee: Hand axe          |    67 |   212 |   340 |   222 ||   841
       Headbutt          |    13 |    28 |    66 |    64 ||   171
       War axe           |       |       |       |   105 ||   105
Invok: Trog's Hand       |       |     1 |     1 |     2 ||     4
       Berserk           |       |       |     4 |     8 ||    12
       Burn Spellbooks   |       |       |     1 |     1 ||     2
Evoke: Wand              |       |       |     2 |       ||     2
 Stab: Distracted        |       |       |     1 |       ||     1
  Eat: Chunk             |       |     7 |    14 |     7 ||    28
       Pizza             |       |       |     1 |       ||     1
       Meat ration       |       |       |     1 |     1 ||     2
Armor: Animal skin       |    13 |       |       |       ||    13
       Chain mail        |       |    78 |       |       ||    78
       Plate armour      |       |    10 |   143 |   135 ||   288
Dodge: Dodged            |    68 |   123 |   118 |   131 ||   440
Block: Shield            |       |       |   119 |   235 ||   354
